 Dungeon Crawl Stone Soup version 0.30.1-11-g7821555f0a (webtiles) character file.

Game seed: 14640655200145596001

4737 comborobin the Martial Artist (level 10, -4/81 HPs)
             Began as a Grey Draconian Delver on Nov 18, 2023.
             Was a High Priest of Cheibriados.
             Slain by a red ugly thing (23 damage)
             ... on level 9 of the Dungeon.
             The game lasted 00:08:04 (9760 turns).

comborobin the Martial Artist (DrDe)                Turns: 9760, Time: 00:08:05

Health: -4/81      AC: 15    Str: 25    XL:     10   Next: 22%
Magic:  10/10      EV: 17    Int: 25    God:    Cheibriados [*****.]
Gold:   535        SH:  0    Dex: 31    Spells: 9/9 levels left

rFire   . .          .
                       - Unarmed
rCold   . . .        (no shield)
rNeg    . . .        (body armour unavailable)
rPois   +            (helmet restricted)
rElec   .            p - +2 cloak {rCorr}
rCorr   +            (no gloves)
SInv    .            (no boots)
Will    .....        (no amulet)
Stlth   ++++         t - ring of poison resistance
HPRegen 0.33/turn    A - +6 ring of dexterity
MPRegen 0.12/turn

%: no passive effects
@: very slow
A: AC +12, amphibious, unfitting armour, cold-blooded, stinger 1, MP-powered
wands
a: Renounce Religion, Bend Time, Temporal Distortion, Slouch, Step From Time


You were on level 9 of the Dungeon.
You worshipped Cheibriados.
Cheibriados was extremely pleased with you.
You visited 1 branch of the dungeon, and saw 9 of its levels.
You also visited: Sewer.

You collected 535 gold pieces.

Inventory:

Hand Weapons
 l - a +1 morningstar of holy wrath
 q - a +2 spear of venom
Missiles
 c - 18 poisoned darts (quivered)
Armour
 p - a +2 cloak of preservation (worn)
Magical Staves
 g - a staff of air
Jewellery
 t - a ring of poison resistance (left hand)
 A - a +6 ring of dexterity (right hand)
Wands
 e - a wand of digging (3)
 m - a wand of paralysis (4)
 w - a wand of flame (12)
 y - a wand of iceblast (5)
 z - a wand of light (17)
Scrolls
 a - 2 scrolls of fog
 b - 2 scrolls of magic mapping
 d - 5 scrolls of noise {unknown}
 f - 5 scrolls of identify {unknown}
 h - 2 scrolls of blinking {unknown}
 j - a scroll of butterflies {unknown}
 k - a scroll of amnesia {unknown}
 n - 2 scrolls of silence {unknown}
 o - 5 scrolls of teleportation
 s - a scroll of poison {unknown}
 B - a scroll of enchant weapon {unknown}
Potions
 i - 4 potions of flight
 r - 2 potions of brilliance
 u - 2 potions of curing
 v - a potion of magic
 x - a potion of heal wounds {unknown}


   Skills:
 - Level 5.0 Fighting
 - Level 5.0 Dodging
 - Level 4.5 Stealth
 + Level 13.7 Unarmed Combat


You had 9 spell levels left.
You didn't know any spells.
Your spell library contained the following spells:

 Spells                   Type           Power      Damage    Failure   Level
 Cigotuvi's Dreadful Rot  Necr/Pois/Air  0%         N/A       21%         2
 Dispel Undead            Necr           0%         3d6       80%         4
 Death Channel            Necr           0%         N/A       100%        6


Dungeon Overview and Level Annotations

Branches:
Dungeon (9/15)             Temple (0/1) D:4           Sewer (visited)
   Lair: D:8-11         Orc: D:9-12

Altars:
Cheibriados
Nemelex Xobeh
Ru
Wu Jian


Innate Abilities, Weirdness & Mutations

Your dull iron-grey scales are very hard. (AC +12)
You are amphibious.
You cannot fit into any form of body armour.
You are cold-blooded and may be slowed by cold attacks.
Your tail ends in a venomous barb.
You expend magic power (3 MP) to strengthen your wands.


Message History

Items here: )) [[.
No target in view!
Done exploring.
Done exploring.
Done exploring.
(D) Dungeon (T) Temple
Where to? (Enter - D:8, ? - help)
There is a stone staircase leading down, spattered with blood here.
You climb downwards.
There is a stone staircase leading up, spattered with blood here.
A red ugly thing comes into view.
A red ugly thing is nearby!
The red ugly thing gurgles horribly!
You hit the red ugly thing but do no damage.
The red ugly thing tentacle-slaps you.
You are engulfed in flames!
You barely miss the red ugly thing.
Your tail-slap misses the red ugly thing.
You pummel the red ugly thing!!
The red ugly thing is moderately wounded.
The red ugly thing closely misses you.
You closely miss the red ugly thing.
The red ugly thing is moderately wounded.
The red ugly thing tentacle-slaps you.
You are engulfed in flames!
You hit the red ugly thing. You tail-slap the red ugly thing.
The red ugly thing is poisoned.
The red ugly thing is heavily wounded.
You punch the red ugly thing!
The red ugly thing is heavily wounded.
The red ugly thing barely misses you.
You completely miss the red ugly thing.
The red ugly thing is heavily wounded.
The red ugly thing tentacle-slaps you.
You are engulfed in flames!!
* * * LOW HITPOINT WARNING * * *
You are too injured to fight recklessly!
You pummel the red ugly thing!!
The red ugly thing is almost dead.
The red ugly thing tentacle-slaps you.
* * * LOW HITPOINT WARNING * * *
You are engulfed in flames!!
You die...

## ################# ...
................. ....
#....[...#####. #...
#........# #.
##....####....#..[#####.
......u@........<[......
##......##########.....#
#...##.# #.##..# #.. ..#
#.##..# #. ...# #.....#
+ ..... #.....# ......
#.....# ....... #.#...#
#......


You could see a red ugly thing (poisoned).

Vanquished Creatures
  A two-headed ogre (D:9)
  Joseph (D:7)
  5 yaks
  Edmund (D:6)
  A sky beast (D:7)
  3 ice beasts
  An orc warrior (D:8)
  A black bear (D:6)
  5 ogres
  4 bullfrogs
  A gnoll sergeant (D:7)
  10 wights
  2 vampire bats (D:3)
  A howler monkey (D:6)
  Crazy Yiuf (D:3)
  4 orc priests
  2 jellies
  A gnoll bouda (D:4)
  3 sleepcaps
  4 orc wizards
  5 iguanas
  A malarious merfolk avatar (Sewer)
  A sickly merfolk siren (Sewer)
  Robin (D:3)
  12 gnolls
  12 adders
  3 river rats
  21 bats
  2 white imps (D:8)
  An ufetubus (D:7)
  3 worms
  2 dart slugs
  3 fire bats (D:3)
  18 orcs
  2 spectral bats (D:3)
  10 ball pythons
  3 bat skeletons (D:3)
  A bat zombie (D:3)
  7 endoplasms
  10 giant cockroaches
  11 goblins
  12 hobgoblins
  7 jackals
  8 kobolds
  10 quokkas
  A bat simulacrum (D:3)
  9 frilled lizards
  29 rats
257 creatures vanquished.

Notes
Turn   | Place    | Note
-------+----------+-------------------------------------------
     0 | D:5      | comborobin the Draconian Delver began the quest for the
                  | Orb.
     0 | D:5      | Reached XP level 1. HP: 19/19 MP: 1/1
     1 | D:6      | Noticed an iguana
    10 | D:6      | Killed an iguana
    11 | D:6      | Reached skill level 3 in Unarmed Combat
    11 | D:6      | Reached XP level 2. HP: 26/26 MP: 2/2
    24 | D:6      | Noticed an ogre
    31 | D:6      | Killed an ogre
    32 | D:6      | Reached skill level 4 in Unarmed Combat
    32 | D:6      | Reached XP level 3. HP: 31/31 MP: 3/3
    32 | D:6      | Reached XP level 4. HP: 38/38 MP: 4/4
   115 | D:5      | Noticed an ogre
   243 | D:4      | Reached skill level 5 in Unarmed Combat
   344 | D:4      | Found a glowing drain.
   435 | D:4      | Reached XP level 5. HP: 45/45 MP: 5/5
   469 | Sewer    | Entered a sewer
   801 | Sewer    | Reached skill level 6 in Unarmed Combat
   872 | Sewer    | Reached XP level 6. HP: 36/51 MP: 6/6
  1660 | D:3      | Reached skill level 7 in Unarmed Combat
  1773 | D:3      | Found a runed translucent door.
  1774 | D:3      | Noticed Crazy Yiuf
  1900 | D:3      | Noticed Robin
  1911 | D:3      | Killed Robin
  2148 | D:3      | Your scales start taking on a dull iron-grey colour.
  2148 | D:3      | Reached XP level 7. HP: 40/57 MP: 7/7
  2271 | D:3      | Found a sparkling altar of Nemelex Xobeh.
  2273 | D:3      | Found a sacrificial altar of Ru.
  2273 | D:3      | Found a snail-covered altar of Cheibriados.
  2305 | D:3      | Became a worshipper of Cheibriados the Contemplative
  2853 | D:3      | Killed Crazy Yiuf
  2853 | D:3      | Reached * piety under Cheibriados
  2854 | D:3      | Reached skill level 8 in Unarmed Combat
  3544 | D:2      | Reached ** piety under Cheibriados
  3816 | D:1      | Found a faded altar of an unknown god.
  4062 | D:1      | Reached *** piety under Cheibriados
  4531 | D:4      | Reached skill level 9 in Unarmed Combat
  4777 | D:4      | Found a staircase to the Ecumenical Temple.
  5028 | D:5      | Reached XP level 8. HP: 44/63 MP: 8/8
  5625 | D:6      | Reached skill level 10 in Unarmed Combat
  5740 | D:6      | Noticed Edmund
  5755 | D:6      | Killed Edmund
  6081 | D:7      | Reached **** piety under Cheibriados
  6082 | D:7      | Reached skill level 5 in Fighting
  6566 | D:7      | Gained mutation: Your tail ends in a venomous barb. [potion
                  | of mutation]
  6566 | D:7      | Gained mutation: You expend magic power (3 MP) to
                  | strengthen your wands. [potion of mutation]
  6946 | D:7      | Reached skill level 5 in Dodging
  7037 | D:7      | Reached XP level 9. HP: 70/74 MP: 9/9
  7055 | D:7      | Noticed Joseph
  7065 | D:7      | Killed Joseph
  7282 | D:7      | Found an ornate altar of the Wu Jian Council.
  7485 | D:8      | Reached skill level 11 in Unarmed Combat
  7940 | D:8      | Reached skill level 12 in Unarmed Combat
  9222 | D:8      | Reached ***** piety under Cheibriados
  9223 | D:8      | Reached skill level 13 in Unarmed Combat
  9223 | D:8      | Reached XP level 10. HP: 31/81 MP: 10/10
  9524 | D:9      | Noticed a two-headed ogre
  9537 | D:9      | Killed a two-headed ogre
  9750 | D:9      | Noticed a red ugly thing
  9760 | D:9      | Slain by a red ugly thing

Illustrated notes

Levels and vault maps discovered:
D:1:      dpeg_arrival_refuge, layout_loops_ring,
          hellmonk_ecumenical_altar_leap_of_faith
D:2:      layout_loops_ring
D:3:      layout_basic, chequers_temple_overflow_statue_of_worship,
          roderic_batcave, chequers_serial_rivers_room_a,
          minmay_tree_intersection, goddamned_bats, uniq_crazy_yiuf_cottage,
          uniq_robin
D:4:      minmay_octagon_keep, layout_basic, temple_green, portal_sewer_entry_c,
          serial_bayou_pond_c, chequers_garden
D:5:      layout_cave_pools, chequers_serial_rivers_large_b
D:6:      layout_basic, uniq_edmund
D:7:      layout_loops_ring, mainiacjoe_overflow_alcove_2, uniq_joseph
D:8:      layout_layer_cave
D:9:      layout_stronghold, orc_0_dummy

Skill      XL: |  1  2  3  4  5  6  7  8  9 |
---------------+----------------------------+-----
Unarmed Combat | 3 4 5 6 7 9 10 13 | 13.7
Dodging        | 5 |  5.0
Fighting       | 5 |  5.0
Stealth        | |  4.5

Action                     |  1- 3 |  4- 6 |  7- 9 | 10-12 || total
---------------------------+-------+-------+-------+-------++-------
  Melee: Unarmed           |       |   342 |   487 |    31 ||   860
         Tailslap          |       |    38 |    59 |     7 ||   104
         Punch             |       |    11 |    28 |     5 ||    44
  Throw: Dart              |       |     2 |       |       ||     2
  Evoke: Wand              |     5 |     1 |     3 |       ||     9
    Use: Potion            |     1 |     1 |    10 |       ||    12
         Scroll            |       |     3 |     1 |       ||     4
   Stab: Sleeping          |       |    15 |    16 |       ||    31
         Invisible         |       |     1 |       |       ||     1
         Distracted        |       |     1 |     2 |       ||     3
 Armour: Skin              |       |   137 |   188 |     3 ||   328
  Dodge: Dodged            |       |   273 |   353 |    12 ||   638
